 Dungeon Crawl Stone Soup version 0.30.1-11-g7821555f0a (webtiles) character file.

Game seed: 6426152341719925821

2405 MohammedNekjeu the Cruncher (level 9, -5/67 HPs)
             Began as a Human Gladiator on Jan 12, 2024.
             Was an Initiate of Yredelemnul.
             Killed from afar by an electric eel (8 damage)
             ... with a bolt of electricity
             ... on level 6 of the Dungeon on Jan 13, 2024.
             The game lasted 00:22:26 (5483 turns).

MohammedNekjeu the Cruncher (Human Gladiator)       Turns: 5483, Time: 00:22:27

Health: -5/67      AC: 10    Str: 15    XL:     9   Next: 75%
Magic:  10/10      EV: 13    Int: 12    God:    Yredelemnul [......]
Gold:   351        SH:  0    Dex: 15    Spells: 8/8 levels left

rFire   . . .        x - +0 halberd
rCold   + . .        (shield currently unavailable)
rNeg    . . .        v - +1 leather armour of Irksome Beauty {rPois}
rPois   +            k - +2 hat
rElec   .            (no cloak)
rCorr   .            (no gloves)
SInv    .            n - +1 pair of boots
Will    +....        (no amulet)
Stlth   ++           i - ring of protection from cold
HPRegen 0.31/turn    j - ring of willpower
MPRegen 0.12/turn

%: no passive effects
@: attractive, invisible
A: horns 1, iridescent scales 1
a: Renounce Religion, Recall Undead Harvest


You were on level 6 of the Dungeon.
You worshipped Yredelemnul.
Yredelemnul was noncommittal.
You visited 1 branch of the dungeon, and saw 6 of its levels.

You collected 351 gold pieces.

Inventory:

Hand Weapons
 a - a +2 quarterstaff
 x - a +0 halberd (weapon)
Missiles
 e - 3 boomerangs (quivered)
 s - a javelin
Armour
 h - a +0 chain mail
 k - a +2 hat (worn)
 n - a +1 pair of boots (worn)
 v - the +1 leather armour of Irksome Beauty (worn) {rPois}
   (You took it off an orc on level 5 of the Dungeon)

   rPois:     It protects you from poison.
Jewellery
 d - a ring of fire
 i - a ring of protection from cold (left hand)
 j - a ring of willpower (right hand)
 p - a ring of protection from fire
Scrolls
 b - a scroll of silence
 c - 2 scrolls of fog
 m - 4 scrolls of teleportation
 t - a scroll of vulnerability
Potions
 f - a potion of attraction
 g - 2 potions of cancellation
 l - 3 potions of lignification
 q - a potion of mutation
 r - a potion of haste
 u - 2 potions of degeneration
 w - a potion of ambrosia {unknown}


   Skills:
 * Level 4.8 Fighting
 * Level 3.4(6.2) Polearms
 * Level 8.0(8.3) Staves
 * Level 4.3 Throwing
 * Level 4.0 Armour
 * Level 4.9 Dodging
 * Level 3.7 Stealth
 + Level 1.3 Invocations


You had 8 spell levels left.
You didn't know any spells.
Your spell library contained the following spells:

 Spells                   Type           Power      Damage    Failure   Level
 Necrotise                Necr           0%         1d4       38%         1
 Call Canine Familiar     Summ           0%         N/A       77%         3
 Portal Projectile        Hex/Tloc       0%         N/A       77%         3
 Vampiric Draining        Necr           0%         2d6       77%         3
 Vhi's Electric Charge    Tloc/Air       0%         N/A       77%         3
 Leda's Liquefaction      Hex/Erth       0%         N/A       99%         4
 Agony                    Necr           0%         N/A       100%        5
 Arcjolt                  Conj/Air       0%         1d10      100%        5
 Maxwell's Capacitive Co  Air            0%         ∞         100%        8


Dungeon Overview and Level Annotations

Branches:
Dungeon (6/15)             Temple (0/1) D:6

Altars:
Dithmenos
Elyvilon
Vehumet
Yredelemnul


Innate Abilities, Weirdness & Mutations

You have a pair of small horns on your head.
You are partially covered in iridescent scales. (AC +2)


Message History

The bolt of electricity hits you!
The bolt of electricity hits your adder zombie!
Your adder zombie is destroyed!
Really quaff the potion of attraction?
You feel attractive to monsters.
The electric eel shoots out a bolt of lightning at you!
The bolt of electricity hits your gnoll zombie!
Your gnoll zombie is destroyed!
The bolt of electricity hits you!
The bolt of electricity hits your sky beast zombie!
The electric eel shoots out a bolt of lightning at you!
The bolt of electricity misses you.
The bolt of electricity hits your sky beast zombie!
Your gnoll zombie hits the electric eel.
The electric eel shoots out a bolt of lightning at you!
The bolt of electricity hits your gnoll zombie!
The bolt of electricity hits you!
You fade into invisibility!
Your gnoll zombie completely misses the electric eel.
The electric eel shoots out a bolt of lightning at you!
The bolt of electricity hits your gnoll zombie!
Your gnoll zombie is destroyed!
The bolt of electricity hits you!
* * * LOW HITPOINT WARNING * * *
You hit the electric eel.
The electric eel is moderately wounded.
Your sky beast zombie barely misses the electric eel.
You closely miss the electric eel. Your headbutt misses the electric eel.
The electric eel is moderately wounded.
The electric eel shoots out a bolt of lightning at you!
The bolt of electricity hits you!
* * * LOW HITPOINT WARNING * * *
Your sky beast zombie barely misses the electric eel.
Unknown command.
You hit the electric eel. Your headbutt misses the electric eel.
The electric eel is heavily wounded.
The electric eel shoots out a bolt of lightning at you!
The bolt of electricity hits you!
You die...
Your body rises from the dead as a mindless zombie.

#...........
#...........
*####..........
*#≈≈≈≈≈≈≈≈...... ###
*#≈≈≈≈≈≈≈≈≈≈..... #.##
###≈≈#+#≈≈#+#≈≈....
#..###..≈≈#,#≈≈*,#≈≈...#
##.....Z≈≈###≈≈###≈≈####
##....@S≈≈≈≈≈≈≈≈≈≈≈#
##....≈≈≈≈≈≈≈≈≈≈≈≈####
##...≈≈###≈≈#*#≈≈..#.
#.#.≈≈+,#≈≈+,#≈≈#...
#.#.≈≈###≈≈###S≈#...
#.###≈≈≈≈≈≈≈≈≈≈##... #.#
*#≈≈≈≈≈≈≈≈##.... ##.#
*##.##.##*#.).. #..#
#Z....# #....


You could see an electric eel (unable to see you, ally target) and a friendly
sky beast zombie.

Vanquished Creatures
  The ghost of laqueoix the Cleaver, a novice HOFi of Makhleb (D:5)
  The ghost of ritesign the Vexing, a novice DECj (D:4)
  A steam dragon (D:6)
  A sky beast (D:6)
  2 centaurs
  A phantom (D:6)
  4 scorpions
  2 howler monkeys
  2 hounds
  3 orc priests
  A gnoll bouda (D:6)
  A sleepcap (D:5)
  A scorpion zombie (D:4)
  Natasha (twice) (D:3)
  An orc wizard (D:4)
  3 gnolls (D:6)
  7 adders
  A white imp (D:5)
  An adder zombie (D:4)
  A dart slug (D:4)
  23 orcs
  4 endoplasms
  A giant cockroach (D:3)
  5 goblins
  4 hobgoblins
  6 jackals
  2 quokkas
  5 ball pythons
  A ball python zombie (D:4)
  5 bats (D:1)
  4 frilled lizards
  7 kobolds
  4 rats
108 creatures vanquished.

Vanquished Creatures (collateral kills)
  Grinder (D:3)
  A steam dragon (D:6)
  2 hounds
  An orc priest (D:5)
  An iguana (D:4)
  2 gnolls (D:6)
  An adder (D:4)
  A worm (D:2)
  A dart slug (D:2)
  3 orcs
  2 endoplasms (D:2)
  A goblin (D:2)
  A hobgoblin (D:4)
  3 ball pythons
  A bat (D:2)
  A rat (D:2)
23 creatures vanquished.

Vanquished Creatures (others)
  2 centaur zombies
  A hound zombie (D:6)
  2 howler monkey zombies
  An iguana zombie (D:4)
  A spectral white imp (D:5)
  An adder zombie (D:6)
  A bat zombie (D:1)
  A ball python zombie (D:4)
  A giant cockroach zombie (D:3)
  2 gnoll zombies (D:6)
  A goblin zombie (D:4)
  A kobold zombie (D:4)
  11 orc zombies
  A butterfly (D:6)
27 creatures vanquished.

Grand Total: 158 creatures vanquished

Notes
Turn   | Place    | Note
-------+----------+-------------------------------------------
     0 | D:1      | MohammedNekjeu the Human Gladiator began the quest for the
                  | Orb.
     0 | D:1      | Reached XP level 1. HP: 16/16 MP: 1/1
    53 | D:1      | Reached XP level 2. HP: 16/22 MP: 2/2
   269 | D:2      | Reached XP level 3. HP: 26/27 MP: 3/3
   275 | D:2      | Found a faded altar of an unknown god.
   323 | D:2      | Prayed at the altar of an unknown god.
   323 | D:2      | Became a worshipper of Yredelemnul the Dark
   323 | D:2      | Reached * piety under Yredelemnul
   478 | D:2      | Reached ** piety under Yredelemnul
   920 | D:1      | Reached XP level 4. HP: 33/33 MP: 4/4
  1354 | D:1      | You fall into a shaft and drop 1 floor!
  1606 | D:3      | Noticed Natasha
  1607 | D:3      | Noticed Grinder
  1614 | D:3      | Killed Natasha
  1615 | D:3      | Reached skill level 1 in Stealth
  1625 | D:3      | Killed Grinder
  1626 | D:3      | Reached skill level 1 in Polearms
  1626 | D:3      | Reached skill level 4 in Staves
  1626 | D:3      | Reached skill level 1 in Armour
  1626 | D:3      | Reached XP level 5. HP: 21/39 MP: 5/5
  1626 | D:3      | Reached XP level 6. HP: 25/46 MP: 6/6
  1740 | D:3      | Noticed Natasha
  1746 | D:3      | Killed Natasha
  2161 | D:4      | Reached XP level 7. HP: 43/51 MP: 7/7
  2187 | D:4      | Found a transporter.
  2190 | D:4      | Noticed ritesign's ghost (novice DECj)
  2200 | D:4      | Found a transporter.
  2230 | D:4      | Reached skill level 5 in Staves
  2725 | D:4      | Found a shadowy altar of Dithmenos.
  2755 | D:4      | Found a radiant altar of Vehumet.
  3028 | D:4      | Killed ritesign's ghost
  3029 | D:4      | Reached skill level 6 in Staves
  3029 | D:4      | Reached XP level 8. HP: 50/58 MP: 6/8
  3238 | D:5      | Entered Level 5 of the Dungeon
  3316 | D:5      | Found a large runed translucent door.
  3316 | D:5      | Found a large runed translucent door.
  3321 | D:5      | Noticed laqueoix's ghost (novice HOFi)
  3424 | D:5      | Gained mutation: You have a pair of small horns on your
                  | head. [potion of mutation]
  3424 | D:5      | Gained mutation: You are partially covered in iridescent
                  | scales. (AC +2) [potion of mutation]
  3694 | D:5      | Identified the +1 leather armour of Irksome Beauty {rPois}
  3986 | D:5      | Killed laqueoix's ghost
  3987 | D:5      | Reached skill level 7 in Staves
  3987 | D:5      | Reached skill level 1 in Invocations
  3987 | D:5      | Reached XP level 9. HP: 31/66 MP: 9/9
  4701 | D:6      | Found a white marble altar of Elyvilon.
  4888 | D:6      | Found a staircase to the Ecumenical Temple.
  5383 | D:6      | Reached skill level 8 in Staves
  5482 | D:6      | HP: 3/67 [electric eel/bolt of electricity (11)]
  5483 | D:6      | Killed from afar by an electric eel

Illustrated notes

Levels and vault maps discovered:
D:1:      spicycebolla_green_bress_n_ham_2, layout_rooms, skrybe_limestone_x
D:2:      layout_basic, chequers_ecumenical_altar_island
D:3:      layout_rooms, uniq_natasha, uniq_grinder
D:4:      layout_loops_cross, nicolae_overflow_squiral, gammafunk_ghost_arena,
          minmay_snake_closets
D:5:      layout_rooms, ebering_ghost_disaster_area
D:6:      layout_cave_pods, nicolae_elyvilon_peaceful_grove,
          minmay_temple_entry_trees, nrook_mini_vaults, water_boxes_lemuel

Skill      XL: |  1  2  3  4  5  6  7  8  9 |
---------------+----------------------------+-----
Stealth        | 1 2 3 |  3.7
Polearms       | 1 2 3 |  3.4
Staves         | 4 6 7 8 |  8.0
Armour         | 1 2 3 4 |  4.0
Throwing       | 3 4 |  4.3
Fighting       | 3 4 |  4.8
Dodging        | 4 |  4.9
Invocations    | 1 |  1.3

Action                     |  1- 3 |  4- 6 |  7- 9 || total
---------------------------+-------+-------+-------++-------
  Melee: Quarterstaff      |    67 |    53 |   211 ||   331
         Headbutt          |       |       |    22 ||    22
         Halberd           |       |       |    13 ||    13
  Throw: Javelin           |     1 |     4 |     2 ||     7
         Throwing net      |       |     4 |     4 ||     8
         Boomerang         |       |       |    16 ||    16
 Invoke: Recall Undead Har |     2 |     2 |     9 ||    13
    Use: Scroll            |     4 |     5 |     8 ||    17
         Potion            |       |       |    11 ||    11
   Stab: Held in net/web   |       |     2 |     1 ||     3
         Distracted        |       |       |     4 ||     4
 Armour: Leather armour    |     5 |       |    28 ||    33
         Chain mail        |    41 |    23 |   121 ||   185
         Skin              |       |       |     5 ||     5
  Dodge: Dodged            |    34 |    18 |   130 ||   182
